AA
CLEBURNE RAILROADERS @ FARGO-MOORHEAD REDHAWKS
09/02/2110
 
TOP OF THE 1ST
Gary SouthShore RailCats batting - Pitching for Chicago Dogs : RHP James Williams
Pitching: RHP James Williams
Batting: RHB Matt Rogers 0-0: Ball
1-0: Swinging Strike
1-1: Swinging Strike
1-2: Strikes out swinging
Batting: RHB Victor Padilla 0-0: Ball
1-0: Ball
2-0: Called Strike
2-1: Swinging Strike
2-2: Foul Ball, location: 5FF
2-2: Strikes out swinging
Batting: RHB Alex Moreno 0-0: Fly out, F9 (Flyball, 9D, EV 91.3 MPH)
Top of the 1st over - 0 runs, 0 hits, 0 errors, 0 left on base; Gary SouthShore 0 - Chicago 0
BOTTOM OF THE 1ST
Chicago Dogs batting - Pitching for Gary SouthShore RailCats : RHP Hector Segui
Pitching: RHP Hector Segui
Batting: RHB Keith Miller 0-0: Foul Ball, location: 2F
0-1: Ball
1-1: DOUBLE (Line Drive, 7LM, EV 104.4 MPH)
Batting: RHB Bill Miller 0-0: Called Strike
0-1: Foul Ball, location: 3DF
0-2: Ball
1-2: Fly out, F6 (Popup, P, EV 88.1 MPH)
Batting: LHB Jesse Hansen 0-0: Called Strike
0-1: Ball
1-1: Ball
2-1: Ball
3-1: Ground out 6-3 (Groundball, 6, EV 91.9 MPH)
Batting: LHB Larry Strike 0-0: Called Strike
0-1: Ball
1-1: Ball
2-1: Reached on error, E3 (Groundball, 34, EV 106.9 MPH)
Batting: LHB Nick Skowronski 0-0: Foul Ball, location: 5SF
0-1: Ball
1-1: Ball
2-1: Foul Ball, location: 25F
2-2: Foul Ball, location: 7LDF
2-2: Fly out, F8 (Flyball, 8RS, EV 78.8 MPH)
Bottom of the 1st over - 0 runs, 1 hit, 1 error, 2 left on base; Gary SouthShore 0 - Chicago 0
TOP OF THE 2ND
Gary SouthShore RailCats batting - Pitching for Chicago Dogs : RHP James Williams
Batting: RHB Marty Herrera 0-0: Called Strike
0-1: Swinging Strike
0-2: Foul Ball, location: 3F
0-2: Strikes out swinging
Batting: LHB Marco Landaverde 0-0: Ball
1-0: Ball
2-0: Swinging Strike
2-1: Ball
3-1: Foul Ball, location: 5F
3-2: SINGLE (Line Drive, 7S, EV 90.0 MPH)
Batting: RHB Andy Young 0-0: Ball
1-0: Called Strike
1-1: Fly out, F7 (Flyball, 7S, EV 81.3 MPH)
Batting: RHB Chris Cohen 0-0: Ball
1-0: Called Strike
1-1: Ball
2-1: Fly out, F9 (Flyball, 9D, EV 86.3 MPH)
Top of the 2nd over - 0 runs, 1 hit, 0 errors, 1 left on base; Gary SouthShore 0 - Chicago 0
BOTTOM OF THE 2ND
Chicago Dogs batting - Pitching for Gary SouthShore RailCats : RHP Hector Segui
Batting: SHB Braeden Wilson 0-0: Ball
1-0: Fly out, F4 (Popup, 4, EV 68.1 MPH)
Batting: LHB Dave Haye 0-0: Swinging Strike
0-1: Ball
1-1: Foul Ball, location: 5DF
1-2: Ball
2-2: Ball
3-2: Foul Ball, location: 7LDF
3-2: Strikes out swinging
Batting: RHB Ricky Aguirre 0-0: Ball
1-0: Ground out 6-3 (Groundball, 56, EV 98.8 MPH)
Bottom of the 2nd over - 0 runs, 0 hits, 0 errors, 0 left on base; Gary SouthShore 0 - Chicago 0
TOP OF THE 3RD
Gary SouthShore RailCats batting - Pitching for Chicago Dogs : RHP James Williams
Batting: LHB Corey Broughton 0-0: Called Strike
0-1: Ball
1-1: Ball
2-1: Ground out 6-3 (Groundball, 6, EV 104.4 MPH)
Batting: RHB James Lake 0-0: Bunted foul
0-1: SINGLE (Line Drive, 4M, EV 110.6 MPH)
Batting: RHB Matt Rogers 0-0: Fly out, F8 (Line Drive, 8RD, EV 92.5 MPH)
Batting: RHB Victor Padilla 0-0: Called Strike
James Lake steals 2nd base
0-1: Ball
1-1: Called Strike
1-2: Ball
2-2: Ground out 6-3 (Groundball, 6MS, EV 86.9 MPH)
Top of the 3rd over - 0 runs, 1 hit, 0 errors, 1 left on base; Gary SouthShore 0 - Chicago 0
BOTTOM OF THE 3RD
Chicago Dogs batting - Pitching for Gary SouthShore RailCats : RHP Hector Segui
Batting: RHB Richard Eidson 0-0: SINGLE (Groundball, 4MD, EV 98.1 MPH)
Batting: RHB Keith Miller 0-0: Called Strike
0-1: Ball
1-1: Ball
Richard Eidson is caught stealing 2nd base 2-4
2-1: Foul Ball, location: 5F
2-2: Ball
3-2: Foul Ball, location: 9LDF
3-2: Ground out 1-3 (Groundball, 13, EV 65.6 MPH)
Batting: RHB Bill Miller 0-0: Ball
1-0: Ball
2-0: Foul Ball, location: 2F
2-1: Foul Ball, location: 9LDF
2-2: Foul Ball, location: 2F
2-2: Hit by Pitch
Batting: LHB Jesse Hansen 0-0: Ball
1-0: SINGLE (Line Drive, 7S, EV 106.9 MPH)
Bill Miller to second
Batting: LHB Larry Strike 0-0: Ball
1-0: Ground out U3 (Groundball, 3S, EV 65.0 MPH)
Bottom of the 3rd over - 0 runs, 2 hits, 0 errors, 2 left on base; Gary SouthShore 0 - Chicago 0
TOP OF THE 4TH
Gary SouthShore RailCats batting - Pitching for Chicago Dogs : RHP James Williams
Batting: RHB Alex Moreno 0-0: Foul Ball, location: 7LSF
0-1: Called Strike
0-2: Ball
1-2: Strikes out swinging
Batting: RHB Marty Herrera 0-0: SINGLE (Line Drive, 78S, EV 101.9 MPH)
Batting: LHB Marco Landaverde 0-0: Ball
1-0: Ball
2-0: Foul Ball, location: 2F
2-1: Ball
3-1: Foul Ball, location: 9LMFF
3-2: Strikes out swinging
Batting: RHB Andy Young 0-0: Foul Ball, location: 2F
0-1: Foul Ball, location: 9LMF
0-2: Foul Ball, location: 2F
0-2: Strikes out swinging
Top of the 4th over - 0 runs, 1 hit, 0 errors, 1 left on base; Gary SouthShore 0 - Chicago 0
BOTTOM OF THE 4TH
Chicago Dogs batting - Pitching for Gary SouthShore RailCats : RHP Hector Segui
Batting: LHB Nick Skowronski 0-0: Ball
1-0: Called Strike
1-1: Ball
2-1: Foul Ball, location: 23F
2-2: Foul Ball, location: 3F
2-2: SINGLE (Line Drive, 9LS, EV 95.6 MPH)
Batting: SHB Braeden Wilson 0-0: Ball
1-0: Foul Ball, location: 2F
1-1: Swinging Strike
1-2: Ball
2-2: Foul Ball, location: 7LDF
2-2: Strikes out swinging
Batting: LHB Dave Haye 0-0: Fly out, F8 (Flyball, 8LS, EV 79.4 MPH)
Batting: RHB Ricky Aguirre 0-0: Called Strike
Nick Skowronski steals 2nd base
0-1: Fly out, F9 (Flyball, 89M, EV 83.1 MPH)
Bottom of the 4th over - 0 runs, 1 hit, 0 errors, 1 left on base; Gary SouthShore 0 - Chicago 0
TOP OF THE 5TH
Gary SouthShore RailCats batting - Pitching for Chicago Dogs : RHP James Williams
Batting: RHB Chris Cohen 0-0: Ball
1-0: Fly out, F9 (Flyball, 89D, EV 86.3 MPH)
Batting: LHB Corey Broughton 0-0: Hit by Pitch
Batting: RHB James Lake 0-0: Ball
1-0: Called Strike
1-1: Fly out, F5 (Popup, 5SF, EV 73.1 MPH)
Pinch Hitting: RHB Jose Perez 0-0: Swinging Strike
0-1: Ball
1-1: Ground out 4-3 (Groundball, 4S, EV 78.1 MPH)
Top of the 5th over - 0 runs, 0 hits, 0 errors, 1 left on base; Gary SouthShore 0 - Chicago 0
BOTTOM OF THE 5TH
Chicago Dogs batting - Pitching for Gary SouthShore RailCats : RHP Hector Segui
Now in LF: James Lake
Now in RF: Jose Perez
Batting: RHB Richard Eidson 0-0: Ball
1-0: Swinging Strike
1-1: Ball
2-1: Foul Ball, location: 2F
2-2: SINGLE (Line Drive, 6D, EV 93.8 MPH)
Batting: RHB Keith Miller 0-0: Called Strike
0-1: Called Strike
0-2: Strikes out swinging
Batting: RHB Bill Miller 0-0: Ball
1-0: Called Strike
1-1: Swinging Strike
1-2: Foul Ball, location: 2F
1-2: Strikes out swinging
Pinch Hitting: RHB Lazaro Alvarez 0-0: Called Strike
0-1: DOUBLE (Line Drive, 89XD, EV 108.8 MPH)
Richard Eidson to third
Batting: LHB Larry Strike 0-0: Ball
1-0: Ball
2-0: Foul Ball, location: 2F
2-1: Called Strike
2-2: Ball
3-2: Base on Balls
Pinch Hitting: LHB Dave Tracy 0-0: Called Strike
0-1: Called Strike
0-2: Ball
1-2: Ball
2-2: Strikes out looking
Bottom of the 5th over - 0 runs, 2 hits, 0 errors, 3 left on base; Gary SouthShore 0 - Chicago 0
TOP OF THE 6TH
Gary SouthShore RailCats batting - Pitching for Chicago Dogs : RHP James Williams
Pitching: LHP Robby Carson
Now at 2B: Lazaro Alvarez
Now in CF: Dave Tracy
Pinch Hitting: RHB Jesus Romero 0-0: Ground out 5-3 (Groundball, 5S, EV 62.5 MPH)
Batting: RHB Miguel Viera 0-0: Ball
1-0: Foul Ball, location: 3F
1-1: Ball
2-1: Ball
3-1: Foul Ball, location: 9LSF
3-2: Strikes out swinging
Pinch Hitting: RHB Willie Arroyo 0-0: Ball
1-0: Called Strike
1-1: Fly out, F8 (Flyball, 8RM, EV 95.0 MPH)
Top of the 6th over - 0 runs, 0 hits, 0 errors, 0 left on base; Gary SouthShore 0 - Chicago 0
BOTTOM OF THE 6TH
Chicago Dogs batting - Pitching for Gary SouthShore RailCats : RHP Hector Segui
Pitching: LHP Justin Brown
Now at 1B: Jesus Romero
Now at 2B: Willie Arroyo
Now at 3B: Eric Hicks
Batting: SHB Braeden Wilson 0-0: Ball
1-0: Ball
2-0: Called Strike
2-1: Foul Ball, location: 23FF
2-2: Foul Ball, location: 5DF
2-2: Ball
3-2: Base on Balls
Pinch Hitting: RHB Julio Reynoso 0-0: Called Strike
0-1: Ball
1-1: Swinging Strike
1-2: SINGLE (Groundball, 6MD, EV 103.1 MPH)
Braeden Wilson to second
Batting: RHB Ricky Aguirre 0-0: Ball
1-0: Called Strike
1-1: Called Strike
1-2: Ball
2-2: Strikes out looking
Batting: RHB Richard Eidson 0-0: Fly out, F6 (Popup, 6M, EV 78.1 MPH)
Pinch Hitting: RHB Cameron McCrary 0-0: 3-RUN HOME RUN (Flyball, 7D, EV 108.1 MPH), Distance : 408 ft
Pitching: RHP Steve Elia
Batting: LHB Norm Moehring 0-0: Ball
1-0: Ball
2-0: Foul Ball, location: 7LSF
2-1: Ground out U3 (Groundball, 3L, EV 79.4 MPH)
Bottom of the 6th over - 3 runs, 2 hits, 0 errors, 0 left on base; Gary SouthShore 0 - Chicago 3
TOP OF THE 7TH
Gary SouthShore RailCats batting - Pitching for Chicago Dogs : LHP Robby Carson
Pitching: RHP Manny Mendoza
Now in LF: Cameron McCrary
Now in RF: Julio Reynoso
Batting: LHB Marco Landaverde 0-0: Called Strike
0-1: Foul Ball, location: 3FF
0-2: Ball
1-2: Ball
2-2: Ball
3-2: Foul Ball, location: 7LDF
3-2: Strikes out swinging
Batting: RHB Andy Young 0-0: Ball
1-0: Swinging Strike
1-1: Called Strike
1-2: Fly out, F8 (Flyball, 8RD, EV 95.6 MPH)
Batting: RHB Chris Cohen 0-0: Ball
1-0: Foul Ball, location: 2F
1-1: Fly out, F7 (Flyball, 7LMF, EV 86.9 MPH)
Top of the 7th over - 0 runs, 0 hits, 0 errors, 0 left on base; Gary SouthShore 0 - Chicago 3
BOTTOM OF THE 7TH
Chicago Dogs batting - Pitching for Gary SouthShore RailCats : RHP Steve Elia
Pitching: RHP Jose Sainz
Batting: RHB Lazaro Alvarez 0-0: Ball
1-0: Ground out U3 (Groundball, 34, EV 107.5 MPH)
Batting: LHB Larry Strike 0-0: Foul Ball, location: 9LSF
0-1: Called Strike
0-2: Fly out, F8 (Flyball, 78S, EV 94.4 MPH)
Batting: LHB Dave Tracy 0-0: Called Strike
0-1: Called Strike
0-2: Strikes out swinging
Bottom of the 7th over - 0 runs, 0 hits, 0 errors, 0 left on base; Gary SouthShore 0 - Chicago 3
TOP OF THE 8TH
Gary SouthShore RailCats batting - Pitching for Chicago Dogs : RHP Manny Mendoza
Pitching: RHP Jordan Figueroa
Batting: RHB Eric Hicks 0-0: Ball
1-0: Ball
2-0: Called Strike
2-1: Ball
3-1: Base on Balls
Batting: RHB James Lake 0-0: Foul Ball, location: 2F
0-1: Foul Ball, location: 2F
0-2: Ball
1-2: Fly out, F8 (Flyball, 8RD, EV 99.4 MPH)
Batting: RHB Jose Perez 0-0: SINGLE (Groundball, 34D, EV 112.5 MPH)
Eric Hicks to second
Runner from 2nd tries for 3rd, SAFE, throw by RF made to third
Batting: RHB Jesus Romero 0-0: Called Strike
0-1: Foul Ball, location: 2F
0-2: Ball
1-2: Ball
2-2: Foul Ball, location: 3DF
2-2: Fly out, F4 (Popup, 4S, EV 81.9 MPH)
Batting: RHB Miguel Viera 0-0: Called Strike
0-1: Called Strike
0-2: Ball
1-2: Strikes out swinging
Top of the 8th over - 0 runs, 1 hit, 0 errors, 2 left on base; Gary SouthShore 0 - Chicago 3
BOTTOM OF THE 8TH
Chicago Dogs batting - Pitching for Gary SouthShore RailCats : RHP Jose Sainz
Batting: SHB Braeden Wilson 0-0: Swinging Strike
0-1: Ground out U3 (Groundball, 34, EV 85.6 MPH)
Batting: RHB Julio Reynoso 0-0: Single, Error in OF, E8, batter to second base (Line Drive, 8LS, EV 97.5 MPH)
Batting: RHB Ricky Aguirre 0-0: Called Strike
0-1: Swinging Strike
0-2: Foul Ball, location: 2F
0-2: Ball
1-2: Ball
2-2: Ball
3-2: Foul Ball, location: 2F
3-2: Base on Balls
Batting: RHB Richard Eidson 0-0: Called Strike
0-1: Ball
1-1: Ball
2-1: Foul Ball, location: 25FF
2-2: Fly out, F7 (Flyball, 7S, EV 95.0 MPH)
Batting: RHB Cameron McCrary 0-0: Foul Ball, location: 2F
0-1: Swinging Strike
0-2: Strikes out swinging
Bottom of the 8th over - 0 runs, 1 hit, 1 error, 2 left on base; Gary SouthShore 0 - Chicago 3
TOP OF THE 9TH
Gary SouthShore RailCats batting - Pitching for Chicago Dogs : RHP Jordan Figueroa
Pitching: RHP Juan Rivera
Batting: RHB Willie Arroyo 0-0: Ground out 5-3 (Groundball, 56, EV 105.6 MPH)
Batting: LHB Marco Landaverde 0-0: Ball
1-0: Ball
2-0: Called Strike
2-1: Foul Ball, location: 2F
2-2: Foul Ball, location: 2LF
2-2: Foul Ball, location: 25FF
2-2: Strikes out looking
Batting: RHB Andy Young 0-0: Fly out, F3 (Popup, 3F, EV 71.3 MPH)
Top of the 9th over - 0 runs, 0 hits, 0 errors, 0 left on base; Gary SouthShore 0 - Chicago 3
Sunday, June 8th , 2025 - OOTP Baseball 26.4 Build 61